 Dungeon Crawl Stone Soup version 0.19-a0-1238-gee6bd96 (webtiles) character file.

112 Vasilisck the Skirmisher (level 4, 0/41 HPs)
             Began as a Minotaur Fighter on Aug 26, 2016.
             Slain by Natasha (8 damage)
             ... on level 3 of the Dungeon.
             The game lasted 00:05:34 (1887 turns).

Vasilisck the Skirmisher (Minotaur Fighter)         Turns: 1887, Time: 00:05:35

Health: 0/41       AC:  7    Str: 26    XL:     4   Next: 63%
Magic:  3/3        EV:  7    Int:  5    God:
Gold:   140        SH: 10    Dex: 10    Spells: 0 memorised, 3 levels left

rFire  . . .     SeeInvis .     a - +0 war axe
rCold  . . .     Gourm    .     b - +0 scale mail
rNeg   . . .     Faith    .     c - +0 shield
rPois  .         Spirit   .     (helmet restricted)
rElec  .         Dismiss  .     (no cloak)
rCorr  .         Reflect  .     (no gloves)
MR     .....     Harm     .     (no boots)
Stlth  .......... Rnd*Tele +    (no amulet)
                                (no ring)
                                e - ring of teleportation (curse)

@: mighty, slowed, very slow
A: retaliatory headbutt, horns 2
a: no special abilities


You were on level 3 of the Dungeon.
You were very hungry.

You visited 1 branch of the dungeon, and saw 3 of its levels.

You collected 140 gold pieces.

Inventory:

Hand Weapons
 a - a +0 war axe (weapon)
Armour
 b - a +0 scale mail (worn)
 c - a +0 shield (worn)
Jewellery
 e - a cursed ring of teleportation (left hand)
Scrolls
 l - a scroll of magic mapping
Potions
 d - 2 potions of might
 g - a potion of degeneration
 h - a potion of resistance
 i - a potion of beneficial mutation {unknown}
Comestibles
 f - 3 bread rations
 j - 2 meat rations


   Skills:
 + Level 4.5 Fighting
 + Level 3.7 Axes
 + Level 4.4 Armour
 + Level 4.4 Shields


You had 3 spell levels left.
You didn't know any spells.

Dungeon Overview and Level Annotations

Branches:
Dungeon (3/15)

Altars:

Annotations:
D:3 Natasha


Innate Abilities, Weirdness & Mutations

You reflexively headbutt those who attack you in melee.
You have a pair of horns on your head.


Message History

The magic dart hits you!
You closely miss something. You miss the bat. You block the bat's attack.
You hear some strange, mumbled words.
A magic dart appears from out of thin air!
The magic dart hits you!
You hear some strange, mumbled words.
You feel as though you will be slow longer.
You barely miss something. Your headbutt misses something.
The bat hits you but does no damage. Something claws you.
Something claws you but does no damage.
You feel very mighty all of a sudden. The bat hits you but does no damage.
Something claws you but does no damage.
Your shield and scale mail prevent you from hitting something.
Your headbutt misses something. The bat hits you but does no damage.
Something claws you but does no damage.
You hear some strange, mumbled words.
You miss something. The bat hits you but does no damage. Something claws you.
* * * LOW HITPOINT WARNING * * *
Something claws you!
You die...

.......... ..
..#...... .#
......... ..#
...###... ...
...#⌠#..##.#
#.###.....
#....5{.# ###
#.$.#@# ..#
#...### #.#
##....### #.####
###....####
#....#
##.#....###<...#
#.####....(...#
#.# ####..(..#
..# ##.[..# .##
#.(..#


You could see a white imp.

Vanquished Creatures
  Robin (D:2)
  An adder (D:2)
  3 worms (D:2)
  2 dart slugs (D:1)
  A ball python (D:1)
  12 bats
  2 giant cockroaches (D:1)
  22 goblins
  7 hobgoblins
  4 jackals (D:2)
  3 giant newts (D:1)
  7 kobolds
  6 rats
71 creatures vanquished.

Notes
Turn   | Place    | Note
-------+----------+-------------------------------------------
     0 | D:1      | Vasilisck the Minotaur Fighter began the quest for the Orb.
     0 | D:1      | Reached XP level 1. HP: 19/19 MP: 0/0
   109 | D:1      | Reached XP level 2. HP: 27/27 MP: 1/1
   534 | D:1      | Reached XP level 3. HP: 33/33 MP: 2/2
  1204 | D:2      | Reached XP level 4. HP: 40/41 MP: 3/3
  1351 | D:2      | Noticed Robin
  1381 | D:2      | Killed Robin
  1874 | D:3      | Noticed Natasha
  1887 | D:3      | Slain by Natasha

Vault maps used:
D:1:      dpeg_arrival_rooms_b, st_stairs_1, minmay_misc_feat_room
D:2:      kennysheep_goblin_castle
D:3:      cheibrodos_ashenzari_chains, feat_on_display, uniq_natasha

Skill      XL: |  1  2  3 |
---------------+----------+-----
Shields        | 4 |  4.4
Axes           | 3 |  3.7
Fighting       | 4 |  4.5
Armour         | 4 |  4.4

Action                   |  1- 3 |  4- 6 || total
-------------------------+-------+-------++-------
Melee: War axe           |   119 |    57 ||   176
       Headbutt          |    17 |     8 ||    25
  Use: Scroll            |     4 |     1 ||     5
       Potion            |     1 |     2 ||     3
  Eat: Chunk             |     1 |     1 ||     2
Armor: Scale mail        |    61 |    35 ||    96
Dodge: Dodged            |    34 |    17 ||    51
Block: Shield            |    82 |    42 ||   124
